 Dungeon Crawl Stone Soup version 5.5-107-g8f496f0 (webtiles) character file.

59 abdallah the Nimble (level 12, -6/77 HPs) *CASUAL*
             Began as a Deep Elf Wizard on June 1, 2018.
             Was a Priest of Vehumet.
             Mangled by a cyan ugly thing (12 damage)
             ... while paralysed by an orc sorcerer
             ... on level 11 of the Dungeon.
             The game lasted 00:39:51 (10155 turns).

abdallah the Nimble (Deep Elf Wizard)              Turns: 10155, Time: 00:39:52

Health: -6/77      AC:  6 (0%)Str:  4   XL:     12   Next: 11%
Magic:  30/30      EV:  2    Int: 34    God:    Vehumet [3*[92]]
Gold:   740        SH:  0    Dex: 13    Spells: 11/27 levels left

rFire    . . .     SeeInvis .   (no weapon)
rCold    . . .     Faith    +   C - +0 buckler
rNeg     . . .     Spirit   .   a - +0 robe
rPois    .         Reflect  .   b - +0 hat
rElec    .                      (no cloak)
rCorr    .                      p - +2 pair of gloves
MR       +....                  k - +0 pair of boots
Stlth    ++........             H - amulet of faith
Regen    0.3/turn               m - +5 ring of intelligence
MPRegen  0.3/turn               y - ring of wizardry

@: paralysed, very slightly contaminated
A: antennae 1
a: Renounce Religion


You were on level 11 of the Dungeon.
You worshipped Vehumet.
Vehumet was most pleased with you.
You were not hungry.

You visited 1 branch of the dungeon, and saw 11 of its levels.
You also visited: Ossuary.

You collected 740 gold pieces.

Inventory:

Missiles
 i - 189 poisoned darts (quivered)
 s - 57 exploding tomahawks
 w - 112 tomahawks
 F - 43 frenzy darts
Armour
 a - a +0 robe (worn)
 b - a +0 hat (worn)
 k - a +0 pair of boots (worn)
 n - a +0 helmet
 p - a +2 pair of gloves (worn)
 B - a +0 troll leather armour
 C - a +0 buckler (worn)
Jewellery
 m - a +5 ring of intelligence (left hand)
 o - an uncursed amulet of destruction
 t - an uncursed amulet of guardian spirit
 y - a ring of wizardry (right hand)
 H - an amulet of faith (around neck)
 K - an uncursed ring of protection from magic
 Q - a +3 ring of evasion
Wands
 r - a wand of flame (13)
 u - a wand of iceblast (7)
 x - a wand of confusion (12)
 O - a wand of disintegration (7)
Scrolls
 c - a scroll of fear
 e - 4 scrolls of blinking
 f - a scroll of magic mapping
 g - 3 scrolls of teleportation
 j - 3 scrolls of enchant weapon
 q - 3 scrolls of amnesia
 E - 3 scrolls of enchant armour
 N - a scroll of fog
Potions
 d - 6 potions of heal wounds
 h - 6 potions of resistance
 l - 3 potions of haste
 v - 3 potions of flight
 z - a potion of ambrosia
 A - 4 potions of invisibility
 D - 4 potions of mutation
 G - a potion of augmentation
 I - a potion of cancellation
 J - a potion of lignification
 L - a potion of berserk rage
Miscellaneous
 M - a disc of storms
 P - a crystal ball of energy
 R - a sack of spiders


   Skills:
 + Level 10.1 Fighting
 + Level 13.9 Dodging
 - Level 2.4 Stealth
 - Level 4.0 Shields
 - Level 5.0 Hexes
 - Level 5.0 Charms
 - Level 1.1 Summonings
 + Level 5.6 Necromancy
 - Level 3.1 Translocations
 - Level 4.0 Transmutations
 - Level 1.1 Fire Magic
 - Level 4.0 Air Magic
 - Level 1.1 Earth Magic


You had 11 spell levels left.
You knew the following spells:

 Your Spells              Type           Power        Failure   Level  Hunger
a - Magic Dart            Air            25 (25)      1%          1    N/A
b - Blink                 Tloc           N/A          1%          2    N/A
c - Passwall              Tmut/Erth      17 (200)     1%          2    N/A
d - Conjure Flame         Fire/Air       17 (100)     1%          3    N/A
e - Summon Lightning Spi  Summ/Air       17 (100)     11%         4    N/A
f - Mephitic Cloud        Hex/Air        30 (100)     1%          4    N/A

Your spell library contained the following spells:

 Spells                   Type           Power        Failure   Level  Hunger
 Fireball                 Fire           7 (200)      14%         5    N/A
 Slow                     Hex            34 (100)     1%          2    N/A
 Ring of Flames           Chrm/Fire      20 (200)     99%         7    N/A
 Death's Door             Chrm/Necr      36 (200)     100%        8    N/A
 Summon Small Mammal      Summ           7 (25)       1%          1    N/A
 Haunt                    Necr/Summ      23 (200)     99%         7    N/A
 Borgnjor's Revivificati  Necr           38 (200)     100%        8    N/A
 Summon Ice Beast         Ice/Summ       3 (100)      24%         4    N/A
 Call Imp                 Summ           7 (100)      2%          2    N/A
 Sublimation of Blood     Necr           38 (200)     1%          2    N/A
 Spider Form              Tmut           27 (200)     1%          3    N/A
 Blade Hands              Tmut           27 (200)     16%         5    N/A
 Ice Form                 Ice/Tmut       13 (100)     13%         4    N/A
 Necromutation            Tmut/Necr      32 (200)     52%         6    N/A
 Ignite Poison            Fire/Tmut      17 (100)     1%          3    N/A
 Call Canine Familiar     Summ           7 (100)      6%          3    N/A
 Beastly Appendage        Tmut           27 (50)      1%          1    N/A
 Searing Ray              Fire           7 (50)       1%          2    N/A
 Summon Guardian Golem    Hex/Summ       20 (100)     2%          3    N/A
 Infestation              Hex/Necr       36 (200)     93%         7    N/A

Dungeon Overview and Level Annotations

Branches:
Dungeon (11/15)

Altars:
Cheibriados
Dithmenos
Elyvilon
Gozag
Jiyva
Kikubaaqudgha
Makhleb
Nemelex Xobeh
Okawaru
Qazlal
Ru
Sif Muna
Trog
Uskayaw
Vehumet
Wu Jian
Xom
Yredelemnul
Zin
The Shining One


Innate Abilities, Weirdness & Mutations

You have a pair of small antennae on your head.


Message History

The cyan ugly thing tentacle-slaps you (17)!
* * * LOW HITPOINT WARNING * * *
The cyan ugly thing shocks you (14)!
* * * LOW HITPOINT WARNING * * *
The orc warrior misses you.
The orc sorcerer points at you and mumbles some strange words.
You suddenly lose the ability to move!
Found 10 gold pieces.
You feel yourself speed up.
You feel less invigorated.
You feel sick.
You are no longer poisoned.
The orc barely misses you.
The white ugly thing kicks your lightning spire (5).
The white ugly thing freezes your lightning spire (3).
Your lightning spire resists.
Your lightning spire is destroyed!
The cyan ugly thing tentacle-slaps you (3).
* * * LOW HITPOINT WARNING * * *
The cyan ugly thing shocks you (12)!
You die...

............ #.
.........
#...........
...........
#.#........
#..........
###..o.......
#..D.@.o..$..
#.o.#uo...###
.......Z.......
...##§.........
## #u..........
###.#.........
#.§.#.........
#.##..#.......
... .:.....


You could see 2 ugly things, an orc sorcerer, a steam dragon, an orc warrior, 2
orcs and a centaur warrior skeleton.

Vanquished Creatures
  Snorg (D:10)
  A troll (D:10)
  Prince Ribbit (D:6)
  2 angry ghosts
  3 wyverns (D:8)
  A yak (D:8)
  A water moccasin (D:11)
  Duvessa (D:6)
  3 orc warriors
  2 spiny frog skeletons (D:8)
  3 ice beasts
  A black bear (D:7)
  3 ogres
  A blink frog zombie (D:8)
  A centaur (D:7)
  2 bullfrogs
  Dowan (D:6)
  A scorpion (D:8)
  2 crimson imps
  An electric eel (D:8)
  5 howler monkeys
  2 quasits
  8 hounds
  2 jellies
  4 centaur zombies
  A gnoll shaman (D:6)
  3 centaur skeletons
  Terence (D:2)
  2 orc wizards
  11 worker ants
  4 iguanas
  4 big kobold zombies (Ossuary)
  2 hound zombies (Ossuary)
  A hound skeleton (D:7)
  4 mummies (Ossuary)
  Samantha (D:2)
  5 gnolls
  7 adders
  4 shadow imps
  An ooze (D:2)
  5 dart slugs
  15 orcs
  7 quokkas
  6 bats
  3 giant cockroaches
  16 goblins
  7 hobgoblins
  10 jackals
  4 frilled lizards
  A goblin zombie (Ossuary)
  2 hobgoblin zombies (Ossuary)
  A jackal zombie (Ossuary)
  4 kobolds
  A kobold zombie (Ossuary)
  An orc zombie (Ossuary)
  A quokka skeleton (D:5)
  3 rats
191 creatures vanquished.

Vanquished Creatures (collateral kills)
  A two-headed ogre (D:10)
  Urug (D:10)
  An ugly thing (D:8)
  A vampire (D:9)
  An angry ghost (D:8)
  An orc warrior (D:7)
  A blink frog zombie (D:8)
  A centaur (D:6)
  2 killer bees (D:11)
  A lava snake (D:7)
  An orc (D:7)
12 creatures vanquished.

Vanquished Creatures (others)
  A killer bee (D:11)
1 creature vanquished.

Grand Total: 204 creatures vanquished

Notes
Turn   | Place    | Note
-------+----------+-------------------------------------------
     0 | D:1      | abdallah the Deep Elf Wizard began the quest for the Orb.
     0 | D:1      | Reached XP level 1. HP: 10/10 MP: 4/4
   234 | D:1      | Reached XP level 2. HP: 15/15 MP: 3/6
   651 | D:1      | Reached XP level 3. HP: 20/20 MP: 5/8
   819 | D:1      | Reached skill level 1 in Fighting
  1114 | D:1      | Learned a level 2 spell: Blink
  1115 | D:1      | Learned a level 2 spell: Passwall
  1284 | D:2      | Reached skill level 3 in Dodging
  1284 | D:2      | Reached XP level 4. HP: 22/25 MP: 1/10
  1365 | D:2      | Found a stormy altar of Qazlal.
  1442 | D:2      | Noticed Terence
  1492 | D:2      | Killed Terence
  1662 | D:2      | Noticed Samantha
  1718 | D:2      | Reached XP level 5. HP: 16/29 MP: 1/12
  1809 | D:2      | Killed Samantha
  1943 | D:2      | Found a shadowy altar of Dithmenos.
  2015 | D:2      | Found a glowing golden altar of the Shining One.
  2069 | D:3      | Learned a level 3 spell: Conjure Flame
  2413 | D:3      | Found an iron altar of Okawaru.
  2438 | D:3      | Found a sacrificial altar of Ru.
  2451 | D:3      | Found a bloodstained altar of Trog.
  2478 | D:3      | Found a hide-covered altar of Uskayaw.
  2485 | D:3      | Reached XP level 6. HP: 35/35 MP: 15/15
  2500 | D:3      | Reached skill level 4 in Dodging
  2678 | D:3      | Reached skill level 1 in Charms
  2717 | D:3      | Found a faded altar of an unknown god.
  2826 | D:3      | Reached skill level 5 in Hexes
  2826 | D:3      | Reached XP level 7. HP: 26/40 MP: 17/17
  3027 | D:3      | Gained mutation: You have a pair of small antennae on your head. [mutagenic hatch]
  3382 | D:4      | Reached skill level 5 in Dodging
  3598 | D:4      | Reached XP level 8. HP: 45/46 MP: 20/20
  3744 | D:4      | Found a radiant altar of Vehumet.
  3831 | D:4      | Became a worshipper of Vehumet
  3872 | D:4      | Reached skill level 5 in Charms
  3993 | D:5      | Entered Level 5 of the Dungeon
  3993 | D:5      | Found a sparkling altar of Nemelex Xobeh.
  4059 | D:5      | Reached skill level 6 in Dodging
  4166 | D:5      | Found a white marble altar of Elyvilon.
  4440 | D:5      | Found a burning altar of Makhleb.
  4440 | D:5      | Noticed a cacodemon
  4443 | D:5      | Noticed a hellwing
  4443 | D:5      | Noticed a smoke demon
  4518 | D:5      | Reached skill level 7 in Dodging
  4557 | D:5      | Found a snail-covered altar of Cheibriados.
  4690 | D:5      | Found an ornate altar of the Wu Jian Council.
  4731 | D:5      | Reached * piety under Vehumet
  4731 | D:5      | Offered knowledge of Force Lance by Vehumet.
  4880 | D:6      | Reached skill level 5 in Fighting
  4939 | D:6      | Found a viscous altar of Jiyva.
  5007 | D:6      | Reached skill level 8 in Dodging
  5007 | D:6      | Reached XP level 9. HP: 43/54 MP: 16/22
  5078 | D:6      | Reached skill level 1 in Shields
  5327 | D:6      | Noticed Prince Ribbit
  5338 | D:6      | Killed Prince Ribbit
  5338 | D:6      | Reached skill level 9 in Dodging
  5347 | D:6      | Noticed Duvessa
  5355 | D:6      | Noticed Dowan
  5359 | D:6      | Killed Duvessa
  5369 | D:6      | Killed Dowan
  5383 | D:6      | Found a glowing silver altar of Zin.
  5396 | D:6      | Found a sand-covered staircase.
  5403 | Ossuary  | Entered an ossuary
  5777 | Ossuary  | Learned a level 4 spell: Summon Lightning Spire
  5963 | D:6      | Reached skill level 10 in Dodging
  6045 | D:6      | Found an ancient bone altar of Kikubaaqudgha.
  6070 | D:6      | Offered knowledge of Ignite Poison by Vehumet.
  6087 | D:6      | Reached XP level 10. HP: 41/61 MP: 22/24
  6118 | D:6      | Reached ** piety under Vehumet
  6293 | D:7      | Found a shimmering altar of Xom.
  6294 | D:7      | Found a deep blue altar of Sif Muna.
  6300 | D:7      | Found a basalt altar of Yredelemnul.
  6456 | D:7      | Found an opulent altar of Gozag.
  6817 | D:7      | Reached skill level 11 in Dodging
  7381 | D:8      | Offered knowledge of Mephitic Cloud by Vehumet.
  7383 | D:8      | Learned a level 4 spell: Mephitic Cloud
  7438 | D:8      | Noticed a red ugly thing
  7447 | D:8      | Killed a red ugly thing
  7447 | D:8      | Reached skill level 12 in Dodging
  7551 | D:8      | Got the Incunabulum of Heat
  7570 | D:8      | Reached XP level 11. HP: 32/69 MP: 2/27
  7683 | D:8      | Reached *** piety under Vehumet
  8329 | D:9      | Reached skill level 13 in Dodging
  8549 | D:9      | Offered knowledge of Airstrike by Vehumet.
  9103 | D:10     | Entered Level 10 of the Dungeon
  9237 | D:10     | Noticed a two-headed ogre
  9248 | D:10     | Killed a two-headed ogre
  9315 | D:10     | Found a sacrificial altar of Ru.
  9335 | D:10     | Noticed Snorg
  9342 | D:10     | Killed Snorg
  9419 | D:10     | Noticed Urug
 10043 | D:10     | Killed Urug
 10043 | D:10     | Reached skill level 10 in Fighting
 10043 | D:10     | Reached skill level 5 in Necromancy
 10043 | D:10     | Reached XP level 12. HP: 77/77 MP: 6/30
 10154 | D:11     | Paralysed by an orc sorcerer for 2 turns
 10155 | D:11     | Mangled by a cyan ugly thing

Skill      XL: |  1  2  3  4  5  6  7  8  9 10 11 |
---------------+----------------------------------+-----
Hexes          | 2 3 4 5 |  5.0
Fighting       | 1 2 3 5 6 8 10 | 10.1
Air Magic      | 2 3 4 |  4.0
Dodging        | 3 4 5 8 10 12 13 | 13.9
Translocations | 2 3 |  3.1
Charms         | 2 4 5 |  5.0
Shields        | 3 4 |  4.0
Necromancy     | 5 |  5.6
Transmutations | 4 |  4.0
Stealth        | |  2.4
Summonings     | |  1.1
Fire Magic     | |  1.1
Earth Magic    | |  1.1

Action                   |  1- 3 |  4- 6 |  7- 9 | 10-12 || total
-------------------------+-------+-------+-------+-------++-------
Melee: Unarmed           |    12 |       |       |       ||    12
 Cast: Magic Dart        |    59 |   146 |   401 |   308 ||   914
       Conjure Flame     |       |       |    13 |    16 ||    29
       Passwall          |       |       |     4 |       ||     4
       Blink             |       |       |     2 |     3 ||     5
       Summon Lightning  |       |       |     1 |    26 ||    27
       Mephitic Cloud    |       |       |       |     5 ||     5
  Use: Potion            |       |       |     1 |     1 ||     2
       Scroll            |       |       |       |     1 ||     1
Armor: Robe              |     1 |     8 |    37 |    18 ||    64
Dodge: Dodged            |     8 |    43 |   209 |    89 ||   349
Block: Buckler           |       |       |       |    31 ||    31
